 Dungeon Crawl Stone Soup version 0.32-a0-928-g1cae6b7ea0 (webtiles) character file.

Game seed: 5866627840978559390

187 PriceMaster the Sneak (level 5, 0/25 HPs)
             Began as a Spriggan Earth Elementalist on Apr 12, 2024.
             Killed from afar by an orc wizard (4 damage)
             ... with a puff of flame
             ... on level 3 of the Dungeon.
             The game lasted 00:01:56 (1459 turns).

PriceMaster the Sneak (Spriggan Earth Elementalist) Turns: 1459, Time: 00:01:57

Health: 0/25       AC:  2    Str:  4    XL:     5   Next: 39%
Magic:  7/11       EV: 16    Int: 19    God:
Gold:   118        SH:  0    Dex: 15    Spells: 7/11 levels left

rFire   + . .        g - +3 dagger (freeze)
rCold   . . .        (no shield)
rNeg    . . .        a - +0 robe
rPois   +            c - +0 hat
rElec   .            (no cloak)
rCorr   .            (gloves unavailable)
SInv    +            (boots unavailable)
Will    .....        (no amulet)
Stlth   +++          d - ring of poison resistance
HPRegen 0.24/turn    r - ring of protection from fire
MPRegen 0.12/turn

%: no passive effects
@: brilliant, attractive, very quick
A: very small, no large weapons, unfitting armour, see invisible, speed 3
a: no special abilities


You were on level 3 of the Dungeon.
You visited 1 branch of the dungeon, and saw 3 of its levels.

You collected 118 gold pieces.

Inventory:

Hand Weapons
 g - a +3 dagger of freezing (weapon)
Armour
 a - a +0 robe (worn)
 c - a +0 hat (worn)
Jewellery
 d - a ring of poison resistance (left hand)
 r - a ring of protection from fire (right hand)
Wands
 p - a wand of flame (11)
Scrolls
 h - 3 scrolls of identify {unknown}
 i - a scroll of vulnerability {unknown}
 j - a scroll of butterflies {unknown}
 l - 4 scrolls of teleportation {unknown}
 o - 2 scrolls of amnesia {unknown}
 t - a scroll of torment {unknown}
Potions
 b - a potion of magic
 f - a potion of attraction
 k - a potion of mutation {unknown}
 m - a potion of curing {unknown}
 n - a potion of degeneration {unknown}
 q - a potion of lignification {unknown}
 s - 3 potions of enlightenment {unknown}


   Skills:
 * Level 1.0 Fighting
 * Level 1.7 Short Blades
 + Level 3.1 Dodging
 * Level 5.1 Stealth
 * Level 3.8 Spellcasting
 + Level 0.6 Conjurations
 * Level 3.7 Earth Magic


You had 7 spell levels left.
You knew the following spells:

 Your Spells              Type           Power      Damage    Failure   Level
a - Sandblast             Erth           52%        2d12      3%          1
b - Stone Arrow           Conj/Erth      34%        3d9       17%         3

Your spell library contained the following spells:

 Spells                   Type           Power      Damage    Failure   Level
 Passwall                 Erth           26%        N/A       9%          3
 Shock                    Conj/Air       28%        1d4       12%         1
 Swiftness                Air            5%         N/A       38%         3
 Brom's Barrelling Bould  Conj/Erth      17%        2d4       50%         4
 Petrify                  Alch/Erth      16%        N/A       54%         4
 Airstrike                Air            2%         2d(1-17)  80%         4


Dungeon Overview and Level Annotations

Branches:
Dungeon (3/15)

Altars:

Shops:
D:2 [   D:3 ?


Innate Abilities, Weirdness & Mutations

You are very small and have problems with some larger weapons.
You are too small for most types of armour.
You have supernaturally acute eyesight. (SInv)
You cover ground extremely quickly. (Speed+++)


Message History

You miscast Sandblast.
You are very lightly contaminated with residual magic.
Nothing appears to happen.
The orc misses you.
The orc wizard hits you but does no damage.
The blast of sand hits the orc wizard but does no damage.
The orc hits you with a +0 flail. The orc hits you but does no damage.
You hit the orc wizard. You freeze the orc wizard.
The orc wizard is moderately wounded.
The orc barely misses you.
The orc wizard gestures at you while chanting.
The puff of flame hits you. You resist. The orc completely misses you.
You barely miss the orc wizard.
The orc wizard is moderately wounded.
The orc misses you. The orc wizard casts a spell at you.
The magic dart hits you. The orc misses you.
You closely miss the orc wizard.
The orc wizard is moderately wounded.
The orc misses you. The orc wizard closely misses you.
The orc hits you from afar with a +0 trident.
You are too injured to fight recklessly!
You closely miss the orc wizard.
The orc wizard is moderately wounded.
The orc closely misses you.
The orc wizard hits you with a +0 dagger.
The orc hits you from afar with a +0 trident.
* * * LOW HITPOINT WARNING * * *
Casting: Sandblast (safe; 3% risk of failure)
Confirm with . or Enter, or press ? or * to list all spells.
You don't know that spell.
It was a potion of brilliance.
You feel clever all of a sudden. The orc wizard barely misses you.
Your magical contamination has completely faded away.
It was a potion of attraction.
You feel attractive to monsters. The orc closely misses you.
The orc wizard casts a spell at you. The puff of flame hits you. You resist.
You die...

####.....#.## ..
........<...# ##
.#####.........#
...............# ##
#######........# #.
#......#.......# #.
#∩.....#..##...# #.
#....)....##...# #.
#.)o@..##.##...### #.
#.oo...#..)......# ##
#......#.........#
......?.#.........#
...#......#.........#
.<..#......#.........#
### #......#.........#
#......#.........###
#...........#


You could see an orc wizard (invisible) and 2 orcs.

Vanquished Creatures
  Sigmund (D:2)
  A dart slug (D:2)
  2 orcs (D:3)
  6 ball pythons
  3 endoplasms
  2 giant cockroaches (D:2)
  6 goblins
  3 hobgoblins
  5 kobolds
  A bat (D:2)
  4 rats
34 creatures vanquished.

Notes
Turn   | Place    | Note
-------+----------+-------------------------------------------
     0 | D:1      | PriceMaster the Spriggan Earth Elementalist began the quest
                  | for the Orb.
     0 | D:1      | Reached XP level 1. HP: 9/9 MP: 5/5
   450 | D:1      | Reached XP level 2. HP: 13/13 MP: 4/6
   798 | D:2      | Reached skill level 1 in Short Blades
   920 | D:2      | Identified the +7 plate armour of Icuf {Int+3}
   960 | D:2      | Reached XP level 3. HP: 17/17 MP: 8/8
  1050 | D:2      | Noticed Sigmund
  1067 | D:2      | Killed Sigmund
  1068 | D:2      | Reached skill level 1 in Fighting
  1068 | D:2      | Reached skill level 4 in Stealth
  1068 | D:2      | Reached XP level 4. HP: 12/22 MP: 8/10
  1068 | D:2      | Reached XP level 5. HP: 14/25 MP: 8/11
  1183 | D:2      | Found Iliuffopn's Antique Armour Shop.
  1427 | D:3      | Found Tefuurph's Magic Scroll Shop.
  1435 | D:3      | Reached skill level 5 in Stealth
  1439 | D:3      | Learned a level 3 spell: Stone Arrow
  1459 | D:3      | Killed from afar by an orc wizard

Illustrated notes

Levels and vault maps discovered:
D:1:      dpeg_arrival_court, layout_basic,
          nicolae_concentric_dashed_squares_wild
D:2:      layout_rooms, serial_shops, nicolae_shop_peninsula, uniq_sigmund
D:3:      layout_basic, serial_shops, shop

Skill      XL: |  1  2  3  4  5 |
---------------+----------------+-----
Earth Magic    | 3 |  3.7
Short Blades   | 1 |  1.7
Spellcasting   | 3 |  3.8
Fighting       | 1 |  1.0
Dodging        | 3 |  3.1
Stealth        | 4 5 |  5.1
Conjurations   | |  0.6

Action                     |  1- 3 |  4- 6 || total
---------------------------+-------+-------++-------
  Melee: Dagger            |    45 |     7 ||    52
         Unarmed           |     1 |       ||     1
   Cast: Sandblast         |    14 |     7 ||    21
    Use: Potion            |       |     2 ||     2
   Stab: Sleeping          |     7 |     1 ||     8
 Armour: Robe              |    12 |     9 ||    21
  Dodge: Dodged            |    30 |    10 ||    40

Table legend: (Time is in decaauts)
 A = Elapsed time spent in this place.
 B = Non-inter-level travel time spent in this place.
 C = Inter-level travel time spent in this place.
 D = Time resting spent in this place.
 E = Time spent auto-exploring this place.
 F = Levels seen in this place.
 G = Mean time per level.
                   A        B        C        D        E       F      G
               +--------+--------+--------+--------+--------+-----+--------+
         Total |   1021 |   1000 |     21 |      0 |    780 |   3 |  340.3 |
       Dungeon |   1021 |   1000 |     21 |      0 |    780 |   3 |  340.3 |
               +--------+--------+--------+--------+--------+-----+--------+

Top non-repeatable levels by time:
     D:1: 493 daAuts
     D:2: 356 daAuts
     D:3: 171 daAuts
